Map: Romanticide LE

Players

DisK - Winner!

  • Race: Protoss Protoss

MCanning

  • Race: Protoss Protoss

Event: DreamHack SC2 Masters 2021 Summer

VOD

Have the link to the VOD?

Description

Time

  • Played on: May 27, 2021, 4:30 p.m.
  • Length: 18:54

All games in this series

Show
View Real Time Build Order
Export as new Build Order

DisK Protoss - Winner!

Build Orders: Blink Stalkers 

Get SALT Encoding   

  12  0:00  Probe  
  13  0:12  Probe  
  14  0:17  Pylon  
  14  0:24  Probe  
  15  0:35  Gateway  
  15  0:36  Probe (Chrono Boost)  
  16  0:46  Probe (Chrono Boost), Assimilator  
  17  0:51  Probe (Chrono Boost)  
  17  0:54  Assimilator  
  18  1:03  Probe (Chrono Boost)  
  19  1:07  Gateway  
  19  1:13  Probe (Chrono Boost)  
  19  1:18  Probe (Chrono Boost)  
  20  1:23  Cybernetics Core  
  21  1:29  Probe  
  22  1:34  Pylon  
  22  1:41  Probe  
  23  1:53  Probe  
  24  1:58  Warp Gate (Chrono Boost)  
  24  2:00  Stalker  
  24  2:01  Stalker  
  28  2:05  Probe  
  29  2:10  Pylon  
  29  2:24  Pylon  
  29  2:25  Probe  
  32  2:37  Sentry x2  
  34  2:50  Probe  
  34  2:51  Nexus  
  35  2:54  Shield Battery  
  35  3:02  Probe  
  36  3:07  Pylon  
  36  3:09  Sentry  
  38  3:16  Probe  
  38  3:19  Twilight Council  
  39  3:28  Probe  
  40  3:46  Forge  
  40  3:47  Probe  
  41  3:53  Blink (Chrono Boost)  
  41  3:56  Stalker  
  41  4:00  Probe (Chrono Boost), Phoenix  
  44  4:05  Probe (Chrono Boost)  
  44  4:06  Stalker  
  47  4:14  Protoss Ground Weapons Level 1 (Chrono Boost)  
  47  4:16  Probe (Chrono Boost)  
  47  4:17  Probe (Chrono Boost)  
  49  4:21  Probe (Chrono Boost)  
  49  4:23  Probe  
  51  4:31  Probe  
  52  4:40  Probe  
  52  4:43  Probe  
  53  4:48  Nexus  
  53  4:50  Assimilator  
  53  4:52  Probe  
  54  4:53  Pylon  
  54  4:55  Probe (Chrono Boost)  
  55  5:03  Robotics Facility  
  57  5:07  Probe (Chrono Boost)  
  57  5:09  Phoenix x2  
  57  5:10  Probe (Chrono Boost)  
  57  5:11  Stalker  
  59  5:15  Probe (Chrono Boost), Pylon  
  59  5:16  Stalker  
  59  5:17  Probe (Chrono Boost)  
  63  5:21  Probe  
  63  5:25  Pylon  
  64  5:30  Gateway x2  
  64  5:40  Probe  
  65  5:44  Gateway  
  65  5:46  Gateway  
  65  5:49  Probe  
  66  5:51  Stalker x2  
  66  5:52  Probe  
  66  5:53  Observer  
  72  6:01  Probe (Chrono Boost), Pylon  
  72  6:03  Charge  
  73  6:04  Probe (Chrono Boost)  
  73  6:06  Phoenix  
  73  6:10  Probe (Chrono Boost)  
  76  6:11  Shield Battery  
  76  6:12  Probe (Chrono Boost)  
  76  6:14  Probe (Chrono Boost)  
  76  6:15  Stalker  
  76  6:17  Stalker  
  76  6:18  Probe (Chrono Boost)  
  81  6:19  Probe (Chrono Boost)  
  81  6:20  Probe  
  84  6:27  Protoss Ground Weapons Level 2 (Chrono Boost), Stalker  
  84  6:28  Stalker  
  84  6:29  Probe  
  89  6:34  Probe  
  89  6:35  Probe  
  89  6:39  Pylon  
  91  6:41  Probe  
  91  6:46  Probe  
  93  6:50  Gateway  
  93  6:53  Gateway  
  93  6:57  Probe  
  93  6:59  Probe x2  
  93  7:00  Nexus  
  96  7:15  Stalker x4  
  104  7:16  Probe x2  
  104  7:18  Pylon  
  104  7:19  Assimilator  
  104  7:21  Assimilator  
  106  7:24  Observer  
  106  7:29  Probe x2  
  110  7:30  Probe  
  110  7:36  Pylon  
  110  7:39  Observer, Pylon  
  110  7:42  Photon Cannon  
  110  7:43  Photon Cannon x2  
  110  7:44  Shield Battery  
  110  7:45  Photon Cannon  
  110  7:49  Observer  
  111  7:53  Robotics Facility  
  111  7:54  Robotics Bay  
  111  7:56  Probe  
  112  8:07  Probe x2  
  112  8:08  Probe  
  112  8:09  Stalker x3  
  112  8:10  Stalker x3  
  124  8:25  Probe x2  
  124  8:27  Probe  
  125  8:28  Protoss Ground Weapons Level 3 (Chrono Boost)  
  125  8:30  Zealot x2  
  129  8:36  Gateway  
  129  8:39  Gateway  
  129  8:40  Pylon, Dark Shrine  
  129  8:44  Pylon  
  129  8:48  Pylon, Assimilator  
  129  8:55  Disruptor x2  
  135  9:00  Pylon  
  135  9:01  Pylon  
  133  9:11  Nexus  
  133  9:14  Pylon  
  133  9:18  Zealot x6  
  145  9:27  Probe x4  
  145  9:29  Assimilator  
  145  9:30  Disruptor x2  
  153  9:38  Forge  
  153  9:42  Photon Cannon x2  
  153  9:45  Stargate  
  153  9:47  Shield Battery  
  153  9:50  Shield Battery  
  151  10:00  Stalker x9  
  151  10:02  Stalker  
  171  10:10  Protoss Ground Armor Level 1 (Chrono Boost)  
  171  10:11  Photon Cannon  
  171  10:13  Gravitic Boosters (Chrono Boost)  
  171  10:14  Shield Battery  
  171  10:16  Photon Cannon, Shadow Stride  
  171  10:23  Disruptor  
  174  10:30  Zealot x7  
  188  10:39  Shield Battery  
  188  10:40  Photon Cannon  
  188  10:42  Oracle, Pylon  
  191  10:54  Stalker x4  
  197  11:10  Disruptor x2  
  189  11:26  Fleet Beacon  
  189  11:28  Stargate  
  189  11:39  Stalker x8  
  195  11:50  Protoss Shields Level 1  
  195  12:01  Stargate  
  195  12:03  Gateway  
  195  12:04  Gateway  
  188  12:34  Stalker x4  
  188  12:35  Stalker x4  
  199  12:43  Assimilator  
  199  12:45  Photon Cannon  
  199  12:47  Photon Cannon  
  199  12:48  Observer  
  186  13:18  Dark Templar  
  186  13:19  Dark Templar x7  
  197  13:28  Disruptor x2  
  182  14:06  Stalker x8  
  182  14:07  Stalker  
  155  14:47  Stalker x8  
  170  15:04  Pylon  
  168  15:07  Nexus  
  168  15:08  Pylon  
  156  15:28  Observer (Chrono Boost)  
  156  15:29  Pylon  
  152  15:42  Pylon  
  152  15:45  Observer (Chrono Boost)  
  152  15:47  Pylon  
  150  16:00  Disruptor  
  152  16:05  Cybernetics Core  
  149  16:50  Stalker x2  
  149  16:51  Stalker x3  
  154  17:03  Pylon  
  154  17:05  Observer, Pylon  
  155  17:10  Pylon  
  155  17:12  Pylon  
  155  17:14  Photon Cannon  
  155  17:15  Shield Battery  
  155  17:17  Shield Battery  
  155  17:19  Shield Battery  
  155  17:23  Photon Cannon x2  
  155  17:26  Observer (Chrono Boost)  
  155  17:29  Stalker x5  
  138  17:46  Observer (Chrono Boost)  
  123  18:05  Probe  
  122  18:33  Zealot x9  
Show
View Real Time Build Order
Export as new Build Order

MCanning Protoss 

Build Orders: Oracle Opening, Carriers 

Get SALT Encoding   

  12  0:00  Probe  
  13  0:12  Probe  
  14  0:18  Pylon  
  14  0:24  Probe  
  15  0:37  Probe (Chrono Boost), Gateway  
  16  0:47  Probe (Chrono Boost), Assimilator  
  17  0:52  Probe (Chrono Boost)  
  17  0:55  Assimilator  
  18  1:03  Probe (Chrono Boost)  
  19  1:12  Probe (Chrono Boost), Gateway  
  19  1:17  Probe (Chrono Boost)  
  21  1:26  Cybernetics Core  
  21  1:30  Probe  
  22  1:37  Pylon  
  22  1:42  Probe  
  23  1:55  Probe  
  24  2:03  Sentry, Stalker  
  24  2:04  Warp Gate  
  24  2:07  Probe  
  29  2:14  Pylon  
  29  2:19  Pylon  
  29  2:29  Stalker  
  31  2:49  Nexus  
  31  2:56  Stargate  
  31  3:06  Probe, Shield Battery  
  32  3:18  Probe  
  33  3:26  Pylon  
  33  3:31  Probe (Chrono Boost)  
  34  3:37  Oracle (Chrono Boost)  
  38  3:42  Probe (Chrono Boost)  
  38  3:47  Probe (Chrono Boost)  
  39  3:52  Sentry  
  39  3:54  Sentry  
  43  3:58  Pylon  
  43  4:00  Probe (Chrono Boost)  
  43  4:01  Probe (Chrono Boost)  
  47  4:11  Probe (Chrono Boost)  
  47  4:12  Probe (Chrono Boost)  
  47  4:17  Robotics Facility  
  47  4:19  Probe (Chrono Boost)  
  47  4:21  Probe (Chrono Boost)  
  49  4:30  Probe (Chrono Boost), Assimilator  
  51  4:31  Probe (Chrono Boost)  
  51  4:32  Assimilator  
  51  4:35  Probe (Chrono Boost)  
  52  4:40  Probe  
  52  4:41  Void Ray (Chrono Boost)  
  53  4:47  Probe  
  53  4:48  Pylon  
  53  4:52  Probe  
  59  4:56  Stargate  
  60  5:00  Probe  
  60  5:04  Probe  
  60  5:05  Pylon  
  60  5:06  Observer (Chrono Boost)  
  62  5:12  Probe  
  63  5:15  Void Ray (Chrono Boost)  
  63  5:16  Probe  
  64  5:24  Probe  
  69  5:29  Immortal  
  73  5:36  Nexus  
  73  5:38  Void Ray  
  73  5:39  Pylon  
  73  5:48  Probe  
  78  5:50  Probe  
  78  5:54  Forge  
  79  5:57  Void Ray  
  79  5:59  Shield Battery  
  83  6:04  Probe  
  83  6:06  Probe (Chrono Boost)  
  85  6:11  Immortal  
  85  6:17  Robotics Bay  
  85  6:18  Probe (Chrono Boost)  
  87  6:22  Probe (Chrono Boost)  
  87  6:24  Pylon  
  87  6:26  Zealot  
  87  6:28  Probe (Chrono Boost)  
  87  6:30  Probe (Chrono Boost)  
  91  6:32  Zealot  
  91  6:35  Probe  
  91  6:38  Protoss Air Weapons Level 1  
  91  6:39  Void Ray  
  94  6:41  Assimilator  
  94  6:42  Probe  
  94  6:45  Void Ray  
  97  6:47  Probe  
  102  6:54  Probe  
  102  6:58  Zealot x2  
  107  7:02  Photon Cannon, Disruptor (Chrono Boost)  
  110  7:14  Pylon  
  110  7:19  Pylon  
  110  7:21  Pylon  
  110  7:26  Photon Cannon  
  110  7:28  Photon Cannon  
  110  7:32  Probe x2  
  110  7:35  Photon Cannon, Assimilator  
  112  7:38  Photon Cannon  
  112  7:40  Void Ray  
  112  7:42  Disruptor (Chrono Boost)  
  119  7:51  Pylon  
  119  7:59  Void Ray  
  119  8:00  Fleet Beacon  
  123  8:07  Disruptor (Chrono Boost)  
  123  8:10  Probe  
  123  8:17  Void Ray, Zealot x2  
  127  8:26  Shield Battery  
  131  8:27  Pylon  
  131  8:31  Pylon  
  131  8:34  Photon Cannon, Disruptor (Chrono Boost)  
  131  8:35  Shield Battery  
  134  8:42  Shield Battery  
  134  8:43  Void Ray, Protoss Air Weapons Level 2 (Chrono Boost)  
  134  8:46  Flux Vanes  
  134  8:52  Photon Cannon  
  138  8:58  Zealot  
  140  9:04  Disruptor (Chrono Boost)  
  143  9:15  Pylon  
  140  9:22  Stargate  
  140  9:25  Pylon x2  
  140  9:32  Disruptor  
  140  9:36  Photon Cannon x2  
  140  9:37  Shield Battery  
  143  9:39  Carrier (Chrono Boost)  
  143  9:41  Nexus  
  149  9:45  Photon Cannon  
  149  9:54  Zealot  
  149  9:55  Zealot  
  153  10:03  Photon Cannon  
  153  10:04  Shield Battery  
  153  10:06  Shield Battery  
  153  10:13  Photon Cannon  
  153  10:14  Photon Cannon  
  153  10:15  Pylon, Shield Battery  
  153  10:16  Pylon  
  153  10:23  Twilight Council  
  153  10:28  Carrier (Chrono Boost)  
  153  10:29  Robotics Facility  
  159  10:36  Probe  
  159  10:40  Probe  
  159  10:42  Probe  
  162  10:45  Pylon  
  162  10:49  Zealot x2  
  166  10:58  Carrier  
  166  10:59  Disruptor  
  171  11:10  Carrier  
  172  11:13  Zealot  
  172  11:16  Pylon  
  172  11:21  Zealot  
  172  11:23  Mothership (Chrono Boost)  
  174  11:28  Carrier  
  187  11:44  Probe  
  188  11:48  Probe, Protoss Air Weapons Level 3 (Chrono Boost)  
  188  11:49  Assimilator  
  188  11:52  Protoss Shields Level 1, Charge  
  189  11:54  Assimilator  
  189  11:59  Disruptor  
  192  12:08  Photon Cannon  
  192  12:10  Photon Cannon  
  192  12:11  Pylon  
  192  12:14  Shield Battery  
  192  12:20  Zealot  
  192  12:21  Carrier (Chrono Boost)  
  180  12:31  Carrier (Chrono Boost)  
  180  12:37  Probe  
  183  12:42  Photon Cannon  
  183  12:43  Photon Cannon  
  183  12:44  Probe  
  184  12:49  Zealot x2  
  188  12:55  Templar Archives  
  188  12:56  Observer  
  185  13:07  Carrier (Chrono Boost)  
  195  13:29  Carrier (Chrono Boost)  
  195  13:45  Observer, Zealot  
  195  13:46  Zealot  
  200  13:53  Photon Cannon x2  
  196  14:00  Observer  
  188  14:10  Photon Cannon  
  188  14:12  Photon Cannon  
  188  14:15  Photon Cannon x2  
  173  14:20  Shield Battery  
Tags
 
Add a new tag
Caveats
  • Supply blocks, unpowered buildings, or Contaminate may cause inaccurate times.
  • Supply counts are checked every 10 seconds.